 Dungeon Crawl Stone Soup version 0.31-a0-986-g5e6e4ef867 (webtiles) character file.

Game seed: 1618103123736460721

284 choconana the Ruffian (level 6, -2/61 HPs)
             Began as a Troll Fighter on Nov 17, 2023.
             Frozen to death by an endoplasm (5 damage)
             ... on level 4 of the Dungeon.
             The game lasted 00:08:12 (2489 turns).

choconana the Ruffian (Troll Fighter)               Turns: 2489, Time: 00:08:13

Health: -2/61      AC:  5    Str: 27    XL:     6   Next: 7%
Magic:  5/5        EV:  9    Int:  4    God:
Gold:   207        SH:  8    Dex:  9    Spells: 5/5 levels left

rFire   . .          .
                       - Unarmed
rCold   . . .        b - +0 kite shield
rNeg    . . .        a - +0 robe
rPois   .            (helmet restricted)
rElec   .            j - +0 cloak
rCorr   .            (gloves unavailable)
SInv    .            (boots unavailable)
Will    .....        (no amulet)
Stlth   +            (no ring)
HPRegen 1.10/turn    (no ring)
MPRegen 0.09/turn

%: no passive effects
@: mighty
A: large, unfitting armour, claws 3, regeneration 1, shaggy fur 1, tough skin 1
a: no special abilities


You were on level 4 of the Dungeon.
You visited 1 branch of the dungeon, and saw 4 of its levels.

You collected 207 gold pieces.

Inventory:

Missiles
 d - a poisoned dart (quivered)
 i - a throwing net
 o - 48 stones
Armour
 a - a +0 robe (worn)
 b - a +0 kite shield (worn)
 j - a +0 cloak (worn)
Jewellery
 q - a ring of protection from fire
 r - a ring of ice
Talismans
 m - a serpent talisman
Wands
 p - a wand of roots (4)
Scrolls
 h - a scroll of identify {unknown}
 l - 4 scrolls of torment {unknown}
 t - a scroll of acquirement {unknown}
Potions
 f - 2 potions of invisibility {unknown}
 g - 2 potions of curing {unknown}
 k - a potion of attraction {unknown}
 n - a potion of resistance {unknown}
 s - a potion of lignification {unknown}


   Skills:
 + Level 3.4 Fighting
 - Level 0.1 Throwing
 + Level 2.7 Dodging
 - Level 0.4 Stealth
 + Level 4.0 Shields
 + Level 4.1 Unarmed Combat


You had 5 spell levels left.
You didn't know any spells.
Your spell library contained the following spells:

 Spells                   Type           Power      Damage    Failure   Level
 Freeze                   Ice            0%         1d3       75%         1
 Sublimation of Blood     Necr           0%         N/A       86%         2
 Frozen Ramparts          Ice            0%         1d1       98%         3
 Hailstorm                Conj/Ice       0%         3d3       98%         3
 Petrify                  Tmut/Erth      0%         N/A       100%        4
 Irradiate                Conj/Tmut      0%         3d11      100%        5


Dungeon Overview and Level Annotations

Branches:
Dungeon (4/15)
 Temple: D:4-7

Altars:

Annotations:
D:4 1 runed translucent door, Crazy Yiuf, Grinder


Innate Abilities, Weirdness & Mutations

You are too large for most types of armour.
You have claws for hands.
Your natural rate of healing is unusually fast.
You are covered in fur. (AC +1)
You have tough skin. (AC +1)


Message History

You closely miss the ogre. The endoplasm freezes you.
You are frozen.
* * * LOW HITPOINT WARNING * * *
Grinder blinks!
You claw the ogre!
The ogre is severely wounded.
The quokka bites you.
* * * LOW HITPOINT WARNING * * *
The endoplasm freezes you.
You are frozen.
* * * LOW HITPOINT WARNING * * *
The ogre closely misses you.
You scratch the ogre but do no damage.
The ogre is severely wounded.
The quokka bites you but does no damage.
The endoplasm hits you but does no damage.
You claw the ogre!
The ogre is almost dead.
The quokka barely misses you. You block the ogre's attack.
The endoplasm freezes you.
You are frozen.
* * * LOW HITPOINT WARNING * * *
The quokka bites you.
* * * LOW HITPOINT WARNING * * *
You claw the ogre!
You kill the ogre!
The quokka bites you.
* * * LOW HITPOINT WARNING * * *
You block the endoplasm's attack.
Grinder blinks!
Your Shields skill increases to level 4!
Your Unarmed Combat skill increases to level 4!
You have reached level 6!
You feel stronger.
Okay, then.
You claw the quokka!
You kill the quokka!
The endoplasm freezes you.
You are frozen.
You die...

#.# #..5.......# #.###
#..........#####...
#............ ....#
##..........# #...#
............####...#
#......§..........# #
#....J.)...####<#.#####
#@# #........[....
#.########.#.#####
#.#.#######.#.#
..###........#.# ###
##########.#
#.........#####
#########...... ###
♣♣#### #.##### #)..#♣♣
♣♣....## #.#


You could see Grinder and an endoplasm.

Vanquished Creatures
  An ogre (D:4)
  An orc priest (D:3)
  An orc wizard (D:3)
  Robin (D:4)
  4 gnolls (D:2)
  An adder (D:3)
  2 worms (D:2)
  2 dart slugs
  6 orcs
  6 ball pythons
  4 bats (D:1)
  3 endoplasms
  2 giant cockroaches
  18 goblins
  2 hobgoblins (D:4)
  5 jackals
  3 quokkas
  3 frilled lizards
  4 kobolds
  4 rats
73 creatures vanquished.

Notes
Turn   | Place    | Note
-------+----------+-------------------------------------------
     0 | D:1      | choconana the Troll Fighter began the quest for the Orb.
     0 | D:1      | Reached XP level 1. HP: 22/22 MP: 0/0
   206 | D:1      | Reached XP level 2. HP: 29/29 MP: 1/1
   798 | D:2      | Reached XP level 3. HP: 35/37 MP: 2/2
   860 | D:2      | Reached XP level 4. HP: 45/45 MP: 3/3
  1967 | D:3      | Reached XP level 5. HP: 26/53 MP: 4/4
  2287 | D:4      | Noticed Robin
  2301 | D:4      | Killed Robin
  2424 | D:4      | Found a runed translucent door.
  2425 | D:4      | Noticed Crazy Yiuf
  2470 | D:4      | Noticed Grinder
  2473 | D:4      | Paralysed by Grinder for 2 turns
  2477 | D:4      | Noticed an ogre
  2488 | D:4      | Killed an ogre
  2488 | D:4      | HP: 1/53 [quokka (4)]
  2489 | D:4      | Reached XP level 6. HP: 1/61 MP: 5/5
  2489 | D:4      | Frozen to death by an endoplasm

Illustrated notes

Levels and vault maps discovered:
D:1:      minmay_arrival_plants_in_alcoves, layout_basic, minmay_small_reverse_x
D:2:      layout_basic
D:3:      layout_rooms, chequers_serial_rivers_micro_b
D:4:      layout_loops_ring, hangedman_decor_diamond_cutter, uniq_robin,
          uniq_crazy_yiuf_cottage, uniq_grinder

Skill      XL: |  1  2  3  4  5 |
---------------+----------------+-----
Shields        | 3 4 |  4.0
Fighting       | 3 |  3.4
Unarmed Combat | 3 4 |  4.1
Throwing       | |  0.1
Dodging        | |  2.7
Stealth        | |  0.4

Action                     |  1- 3 |  4- 6 || total
---------------------------+-------+-------++-------
  Melee: Unarmed           |    92 |   118 ||   210
  Throw: Dart              |     1 |     2 ||     3
  Evoke: Wand              |       |     1 ||     1
    Use: Potion            |       |     2 ||     2
   Stab: Sleeping          |       |     1 ||     1
 Armour: Robe              |    67 |    90 ||   157
  Dodge: Dodged            |    41 |    32 ||    73
  Block: Kite shield       |    34 |    32 ||    66

Table legend: (Time is in decaauts)
 A = Elapsed time spent in this place.
 B = Non-inter-level travel time spent in this place.
 C = Inter-level travel time spent in this place.
 D = Time resting spent in this place.
 E = Time spent auto-exploring this place.
 F = Levels seen in this place.
 G = Mean time per level.
                   A        B        C        D        E       F      G
               +--------+--------+--------+--------+--------+-----+--------+
         Total |   2503 |   2434 |     69 |    160 |   1822 |   4 |  625.8 |
       Dungeon |   2503 |   2434 |     69 |    160 |   1822 |   4 |  625.8 |
               +--------+--------+--------+--------+--------+-----+--------+

Top non-repeatable levels by time:
     D:2: 1153 daAuts
     D:1: 691 daAuts
     D:3: 381 daAuts
     D:4: 276 daAuts
